 Dungeon Crawl Stone Soup version 0.23.0-3-gf3c87f2df8 (webtiles) character file.

Game seed: 15319998185933222470

689 Peloso the Shield-Bearer (level 7, -1/62 HPs)
             Began as a Minotaur Fighter on Feb 24, 2019.
             Was an Initiate of Okawaru.
             Killed by nerve-wracking pain
             ... invoked by a shadow imp
              (13 damage)
             ... on level 6 of the Dungeon.
             The game lasted 00:09:04 (4356 turns).

Peloso the Shield-Bearer (Minotaur Fighter)         Turns: 4356, Time: 00:09:05

Health: -1/62      AC: 12    Str: 21    XL:     7   Next: 36%
Magic:  6/6        EV:  5    Int:  5    God:    Okawaru [......]
Gold:   385        SH: 10    Dex: 11    Spells: 6/6 levels left

rFire    . . .     SeeInvis .   a - +0 long sword
rCold    . . .     Gourm    .   c - +0 shield
rNeg     . . .     Faith    .   l - +0 plate armour
rPois    .         Spirit   .   (helmet restricted)
rElec    .         Reflect  .   (no cloak)
rCorr    .         Harm     .   (no gloves)
MR       .....                  (no boots)
Stlth    ..........             (no amulet)
HPRegen  0.20/turn              (no ring)
MPRegen  0.10/turn              (no ring)

@: no status effects
A: retaliatory headbutt, horns 2
a: Renounce Religion


You were on level 6 of the Dungeon.
You worshipped Okawaru.
Okawaru was noncommittal.
You were not hungry.

You visited 2 branches of the dungeon, and saw 7 of its levels.

You collected 385 gold pieces.

Inventory:

Hand Weapons
 a - a +0 long sword (weapon)
Armour
 b - a +0 scale mail
 c - a +0 shield (worn)
 j - a +0 chain mail
 l - a +0 plate armour (worn)
Wands
 v - a wand of paralysis (11)
Scrolls
 e - a scroll of teleportation
 g - 5 scrolls of identify
 i - 6 scrolls of remove curse
 m - 2 scrolls of blinking {unknown}
 n - 2 scrolls of noise {unknown}
 o - a scroll of magic mapping {unknown}
 u - a scroll of amnesia {unknown}
Potions
 d - 2 potions of might
 h - 4 potions of haste
 k - 2 potions of heal wounds
 p - a potion of berserk rage {unknown}
 q - a potion of brilliance {unknown}
 r - a potion of ambrosia {unknown}
 s - a potion of cancellation {unknown}
 t - 2 potions of curing {unknown}
 w - a potion of flight {unknown}
Comestibles
 f - 4 rations


   Skills:
 + Level 5.7 Fighting
 + Level 5.6 Long Blades
 + Level 5.3 Armour
 + Level 1.8 Dodging
 + Level 0.2 Stealth
 + Level 6.2 Shields


You had 6 spell levels left.
You didn't know any spells.
Your spell library contained the following spells:

 Spells                   Type           Power        Failure   Level  Hunger
 Summon Small Mammal      Summ           #...         100%        1    ##.....
 Call Imp                 Summ           #.......     100%        2    ###....
 Call Canine Familiar     Summ           #.......     100%        3    ####...
 Summon Guardian Golem    Hex/Summ       #.......     100%        3    ####...
 Summon Ice Beast         Ice/Summ       #.......     100%        4    #####..
 Summon Lightning Spire   Summ/Air       #.......     100%        4    #####..


Dungeon Overview and Level Annotations

Branches:
Dungeon (6/15)             Temple (1/1) D:5

Altars:
Cheibriados
Dithmenos
Elyvilon
Fedhas
Gozag
Hepliaklqana
Makhleb
Nemelex Xobeh
Okawaru
Qazlal
Ru
Sif Muna
Trog
Uskayaw
Wu Jian
Xom
Yredelemnul
Zin
The Shining One


Innate Abilities, Weirdness & Mutations

You reflexively headbutt those who attack you in melee.
You have a pair of horns on your head.


Message History

You headbutt the ogre!
The ogre is almost dead.
You block the ogre's attack.
Your shield and plate armour prevent you from hitting the ogre.
The ogre is almost dead.
The ogre hits you with a +0 giant club!
You hit the ogre.
You kill the ogre!
Okawaru accepts your kill. The shadow imp gestures at you.
Pain shoots through your body!
* * * LOW HITPOINT WARNING * * *
An orc comes into view.
The shadow imp gestures at you. Pain shoots through your body!
* * * LOW HITPOINT WARNING * * *
There is a stone staircase leading down here.
The shadow imp gestures at you. Pain shoots through your body!
You die...

.....##....##
.###........# ##
####(....# ####### #
##.....## ##.....# #
#(......## ##......#
#........###......##
#.....##..##.....##
#......###..#.....#
#.....## ##..@...##
#.....# ##....## ##
#....## #..(###
##.## #....#
#..#5.##....# #####
#####o......##
##.......# #..<....#
#.o.....# #......##


You could see an orc priest, a shadow imp and an orc.

Vanquished Creatures
  A black bear (D:6)
  An ogre (D:6)
  A centaur (D:5)
  A scorpion (D:4)
  A crimson imp (D:6)
  A bullfrog skeleton (D:4)
  A jelly (D:5)
  2 iguanas
  A hound zombie (D:5)
  7 adders
  3 gnolls (D:2)
  A shadow imp (D:3)
  An ooze (D:2)
  3 worms
  A dart slug (D:1)
  2 leopard geckos
  9 orcs
  2 ball pythons (D:5)
  6 bats
  4 giant cockroaches
  10 goblins
  7 hobgoblins
  7 jackals
  8 kobolds
  4 quokkas
  7 frilled lizards
  11 rats
103 creatures vanquished.

Notes
Turn   | Place    | Note
-------+----------+-------------------------------------------
     0 | D:1      | Peloso the Minotaur Fighter began the quest for the Orb.
     0 | D:1      | Reached XP level 1. HP: 19/19 MP: 0/0
    89 | D:1      | Reached XP level 2. HP: 27/27 MP: 1/1
   511 | D:1      | Reached skill level 4 in Shields
   767 | D:2      | Reached XP level 3. HP: 28/33 MP: 2/2
   976 | D:2      | Reached XP level 4. HP: 40/40 MP: 3/3
   983 | D:2      | Found a faded altar of an unknown god.
  1214 | D:2      | Found a deep blue altar of Sif Muna.
  1599 | D:2      | Reached skill level 1 in Dodging
  1640 | D:2      | Found an ornate altar of the Wu Jian Council.
  1888 | D:3      | Found a shimmering altar of Xom.
  1892 | D:3      | Found a shimmering altar of Xom.
  1892 | D:3      | Found a shimmering altar of Xom.
  1893 | D:3      | Found a shimmering altar of Xom.
  1894 | D:3      | Found a shimmering altar of Xom.
  1966 | D:3      | Reached XP level 5. HP: 44/46 MP: 4/4
  2995 | D:4      | Reached skill level 5 in Fighting
  2995 | D:4      | Reached skill level 5 in Shields
  2995 | D:4      | Reached XP level 6. HP: 56/56 MP: 5/5
  3314 | D:5      | Entered Level 5 of the Dungeon
  3871 | D:5      | Found a sacrificial altar of Ru.
  3871 | D:5      | Found a white marble altar of Elyvilon.
  3969 | D:5      | Found a staircase to the Ecumenical Temple.
  3982 | Temple   | Entered the Ecumenical Temple
  4075 | Temple   | Became a worshipper of Warmaster Okawaru
  4224 | D:6      | Reached skill level 5 in Long Blades
  4317 | D:6      | Reached skill level 5 in Armour
  4317 | D:6      | Reached skill level 6 in Shields
  4317 | D:6      | Reached XP level 7. HP: 40/61 MP: 6/6
  4356 | D:6      | Killed from afar by a shadow imp

Skill      XL: |  1  2  3  4  5  6 |
---------------+-------------------+-----
Armour         | 4 5 |  5.3
Fighting       | 4 5 |  5.7
Shields        | 4 5 6 |  6.2
Long Blades    | 3 4 5 |  5.6
Dodging        | 1 |  1.8
Stealth        | |  0.2

Action                   |  1- 3 |  4- 6 |  7- 9 || total
-------------------------+-------+-------+-------++-------
Melee: Long sword        |    91 |   175 |     5 ||   271
       Headbutt          |    10 |    38 |     2 ||    50
  Use: Scroll            |       |     5 |       ||     5
  Eat: Chunk             |       |     9 |       ||     9
       Ration            |       |       |     1 ||     1
Armor: Scale mail        |    52 |       |       ||    52
       Chain mail        |     2 |    16 |       ||    18
       Plate armour      |       |    87 |     3 ||    90
Dodge: Dodged            |    44 |    43 |     1 ||    88
Block: Shield            |    71 |   110 |     4 ||   185
       Rpst.: Long sword |     9 |    12 |       ||    21
